 Dungeon Crawl Stone Soup version 0.30-a0-782-ge64f9170bb (webtiles) character file.

Game seed: 9946349024997580874

103 cheesebisquit the Chiller (level 4, -4/33 HPs)
             Began as a Ghoul Ice Elementalist on Feb 18, 2023.
             Killed from afar by an orc wizard (5 damage)
             ... with a puff of flame
             ... on level 3 of the Dungeon.
             The game lasted 00:07:53 (2046 turns).

cheesebisquit the Chiller (Ghoul Ice Elementalist)  Turns: 2046, Time: 00:07:54

Health: -4/33      AC:  2    Str: 11    XL:     4   Next: 79%
Magic:  3/7        EV: 12    Int: 12    God:
Gold:   108        SH:  0    Dex:  9    Spells: 5/9 levels left

rFire   . . .      SeeInvis .    n - +2 whip (venom)
rCold   + . .      Faith    .    (no shield)
rNeg    + + +      Spirit   .    a - +0 robe
rPois   ∞          Reflect  .    (no helmet)
rElec   .          Harm     .    (no cloak)
rCorr   .          Rampage  .    (no gloves)
Will    .....                    (no boots)
Stlth   +                        (no amulet)
HPRegen 0.00/turn                (no ring)
MPRegen 0.10/turn                (no ring)

@: confused, inhibited regen, hasted, very quick
A: claws 1, cold resistance 1, negative energy resistance 3, inhibited
regeneration, torment resistance 2, devour on kill
a: no special abilities


You were on level 3 of the Dungeon.
You visited 1 branch of the dungeon, and saw 3 of its levels.

You collected 108 gold pieces.

Inventory:

Hand Weapons
 c - a +0 short sword
 n - a +2 whip of venom (weapon)
Missiles
 d - 29 stones
 j - 9 poisoned darts
Armour
 a - a +0 robe (worn)
Wands
 q - a wand of polymorph (10)
Scrolls
 e - 5 scrolls of identify {unknown}
 h - 2 scrolls of poison {unknown}
 m - a scroll of fear {unknown}
 o - a scroll of blinking {unknown}
Potions
 b - 2 potions of magic
 f - a potion of curing {unknown}
 g - a potion of attraction {unknown}
 i - a potion of might {unknown}
 k - a potion of haste
 l - a potion of brilliance {unknown}
 p - 2 potions of heal wounds {unknown}


   Skills:
 - Level 1.7 Dodging
 - Level 2.1 Stealth
 + Level 3.1 Spellcasting
 + Level 5.6 Ice Magic


You had 5 spell levels left.
You knew the following spells:

 Your Spells              Type           Power      Damage    Failure   Level
a - Freeze                Ice            60%        1d7       2%          1
b - Frozen Ramparts       Ice            30%        1d5       8%          3

Your spell library contained the following spells:

 Spells                   Type           Power      Damage    Failure   Level
 Ozocubu's Armour         Ice            15%        N/A       8%          3
 Necrotise                Necr           4%         1d4       24%         1
 Shock                    Conj/Air       4%         1d3       24%         1
 Lesser Beckoning         Tloc           2%         N/A       36%         2
 Gell's Gravitas          Tloc           1%         N/A       58%         3
 Swiftness                Air            1%         N/A       58%         3
 Teleport Other           Tloc           1%         N/A       58%         3
 Vampiric Draining        Necr           1%         2d6       58%         3
 Summon Ice Beast         Ice/Summ       8%         N/A       61%         4
 Airstrike                Air            0%         2d(1-17)  94%         4
 Agony                    Necr           1%         N/A       100%        5


Dungeon Overview and Level Annotations

Branches:
Dungeon (3/15)

Altars:

Shops:
D:2 ?


Innate Abilities, Weirdness & Mutations

You are immune to poison.
You have sharp fingernails.
Your flesh is cold resistant. (rC+)
You are immune to negative energy. (rN+++)
You do not regenerate when monsters are visible.
You are immune to unholy pain and torment.
You thrive by killing the living.


Message History

The orc throws a boomerang.
You freeze the orc.
You kill the orc!
You hear some strange, mumbled words.
Something tries to affect you, but you resist.
The kobold throws a stone.
The stone hits you but does no damage.
The orc throws a boomerang.
The orc throws a boomerang.
The boomerang hits you.
You see here a quokka corpse.
The orc throws a boomerang.
The boomerang barely misses you.
Aiming: Freeze (safe; 2% risk of failure)
Press: ? - help, Q - select action, (/) - cycle Shift-Dir - straight line There's nothing close enough!
Something hits you but does no damage.
Aiming: Freeze (safe; 2% risk of failure)
Press: ? - help, Q - select action, (/) - cycle Shift-Dir - straight line There's nothing close enough!
Something hits you.
Aiming: Freeze (safe; 2% risk of failure)
Press: ? - help, Q - select action, (/) - cycle Shift-Dir - straight line There's nothing close enough!
You hear some strange, mumbled words.
You are confused.
You're too confused to cast spells.
You closely miss something. Something hits you.
* * * LOW HITPOINT WARNING * * *
The orc misses you.
You barely miss the orc.
You hear some strange, mumbled words.
A puff of flame appears from out of thin air!
The puff of flame hits you.
* * * LOW HITPOINT WARNING * * *
The orc hits you with a +0 hand axe.
* * * LOW HITPOINT WARNING * * *
You are too confused!
It was a potion of haste.
You feel yourself speed up.
You hear some strange, mumbled words.
A puff of flame appears from out of thin air!
The puff of flame hits you.
You die...

#...# ......# ###.###
....##### ....
.##...########.#.....
....
.<.##..............#
#..#
##..........#..#..##
#..#
###..#######....##
#..# #..#
##...K###### #..#
####
#..#{o..†..###.K#
#.##@#####.o##.)## ##
#.#..# ##..oK..# .#
#.#.## ####)..# .####
#.#. #.....#
.#.....## #...
#..##..# ........##
.## #..# #..
....<....# .. ..## #.
.........##.# #.# #
............ .#


You could see an orc and a kobold.

Vanquished Creatures
  A hound (D:2)
  2 adders (D:2)
  A worm (D:2)
  3 dart slugs
  An orc (D:3)
  2 ball pythons
  3 endoplasms
  2 giant cockroaches (D:1)
  6 goblins
  5 hobgoblins
  2 quokkas (D:3)
  7 bats
  4 frilled lizards
  4 kobolds
  2 rats (D:1)
45 creatures vanquished.

Notes
Turn   | Place    | Note
-------+----------+-------------------------------------------
     0 | D:1      | cheesebisquit the Ghoul Ice Elementalist began the quest
                  | for the Orb.
     0 | D:1      | Reached XP level 1. HP: 14/14 MP: 2/2
    26 | D:1      | Found a faded altar of an unknown god.
    34 | D:1      | Got Plato's Discourse on Turbulence
   171 | D:1      | Reached XP level 2. HP: 20/20 MP: 0/4
   760 | D:2      | Reached XP level 3. HP: 21/26 MP: 1/5
   805 | D:2      | Reached skill level 5 in Ice Magic
   834 | D:2      | Learned a level 3 spell: Frozen Ramparts
   872 | D:2      | Found Dyinwa Guymm's Magic Scroll Shoppe.
  1013 | D:2      | Reached XP level 4. HP: 33/33 MP: 0/7
  2045 | D:3      | HP: 1/33 [orc/+0 hand axe (1)]
  2046 | D:3      | Killed from afar by an orc wizard

Illustrated notes

Levels and vault maps discovered:
D:1:      saegor_arrival_simple_b, layout_basic,
          shapermc_ecumenical_altar_rom_forum, minmay_strange_pillars,
          chequers_serial_rivers_large_b
D:2:      layout_loops_ring, serial_shops, nicolae_shop_waterfront,
          hangedman_glass_teeth
D:3:      layout_rooms

Skill      XL: |  1  2  3  4 |
---------------+-------------+-----
Spellcasting   | 2 3 |  3.1
Ice Magic      | 5 |  5.6
Dodging        | |  1.7
Stealth        | |  2.1

Action                     |  1- 3 |  4- 6 || total
---------------------------+-------+-------++-------
  Melee: Unarmed           |     7 |       ||     7
         Whip              |     5 |     2 ||     7
   Cast: Freeze            |    40 |    37 ||    77
    Use: Potion            |       |     1 ||     1
 Armour: Robe              |    11 |     6 ||    17
  Dodge: Dodged            |    37 |    12 ||    49

Table legend: (Time is in decaauts)
 A = Elapsed time spent in this place.
 B = Non-inter-level travel time spent in this place.
 C = Inter-level travel time spent in this place.
 D = Time resting spent in this place.
 E = Time spent auto-exploring this place.
 F = Levels seen in this place.
 G = Mean time per level.
                   A        B        C        D        E       F      G
               +--------+--------+--------+--------+--------+-----+--------+
         Total |   2094 |   2058 |     36 |      0 |   1718 |   3 |  698.0 |
       Dungeon |   2094 |   2058 |     36 |      0 |   1718 |   3 |  698.0 |
               +--------+--------+--------+--------+--------+-----+--------+

Top non-repeatable levels by time:
     D:2: 1087 daAuts
     D:1: 794 daAuts
     D:3: 213 daAuts
